 Dungeon Crawl Stone Soup version 0.30-a0-561-g1b0378597e (webtiles) character file.

Game seed: 5721259519642893167

52 M4edhros the Cudgeller (level 3, -3/7 (23) HPs)
             Began as an Octopode Chaos Knight on Dec 28, 2022.
             Was a Plaything of Xom.
             Slain by Edmund
             ... wielding a +2 flail of draining
              (7 damage)
             ... on level 4 of the Dungeon.
             The game lasted 00:03:37 (23082 turns).

M4edhros the Cudgeller (Octopode Chaos Knight)     Turns: 23082, Time: 00:03:38

HP:   -3/7 (23)     AC:  1    Str: 10      XL:     3   Next: 85%
MP:   3/3           EV: 14    Int: 12 (13) God:    Xom [..*...]
Gold: 126           SH:  0    Dex: 16 (17) Spells: 2/2 levels left

rFire   . . .      SeeInvis .    f - +1 short sword (elec)
rCold   + + .      Faith    .    (no shield)
rNeg    . . .      Spirit   .    (helmet restricted)
rPois   .          Reflect  .    (no amulet)
rElec   .          Harm     .    (no ring)
rCorr   .          Rampage  .    (no ring)
Will    .....                    (no ring)
Stlth   ++                       (no ring)
HPRegen 0.21/turn                (no ring)
MPRegen 0.08/turn                (no ring)
                                 (no ring)
                                 (no ring)

@: extremely drained, bezotted, unable to drink
A: almost no armour, amphibious, 8 rings, camouflage 1, gelatinous body 1,
(nimble swimmer 1), tentacles, agile 1, cold resistance 2, frail 1, screaming 1,
inability to drink after injury 1
a: Renounce Religion


You were on level 4 of the Dungeon.
You worshipped Xom.
You were a toy of Xom.
You visited 1 branch of the dungeon, and saw 4 of its levels.

You collected 126 gold pieces.

Inventory:

Hand Weapons
 a - a +0 mace of chaos
 f - a +1 short sword of electrocution (weapon)
Missiles
 h - 6 poisoned darts
 o - 3 stones
Armour
 l - a +0 buckler
Wands
 p - a wand of iceblast (2)
Scrolls
 e - a scroll of magic mapping {unknown}
 j - 2 scrolls of teleportation {unknown}
 k - a scroll of fear {unknown}
 m - a scroll of noise {unknown}
Potions
 c - a potion of degeneration {unknown}
 d - a potion of magic {unknown}
 g - 4 potions of curing {unknown}
 i - a potion of heal wounds {unknown}
 n - a potion of mutation {unknown}
Miscellaneous
 b - a piece from Xom's chessboard (13/15) (quivered)


   Skills:
 + Level 3.5 Fighting
 + Level 3.6 Maces & Flails
 + Level 3.1 Dodging


You had 2 spell levels left.
You didn't know any spells.
Your spell library contained the following spells:

 Spells                   Type           Power      Damage    Failure   Level
 Shock                    Conj/Air       0%         1d3       32%         1
 Swiftness                Air            0%         N/A       69%         3
 Airstrike                Air            0%         2d(0-16)  97%         4


Dungeon Overview and Level Annotations

Branches:
Dungeon (4/15) Zot: 903
 Temple: D:4-7

Altars:

Shops:
D:2 ?

Annotations:
D:4 Edmund


Innate Abilities, Weirdness & Mutations

You cannot wear most types of armour.
You are amphibious.
You can wear up to eight rings at the same time.
Your skin changes colour to match your surroundings (Stealth+).
Your rubbery body absorbs attacks. (AC +1, EV +1)
((You are camouflaged when in or above water. (Stealth+)))
You have tentacles for arms and can constrict up to eight enemies at once.
You are agile. (Dex +4, Str/Int -1)
Your flesh is very cold resistant. (rC++)
You are frail. (-10% HP)
You occasionally shout uncontrollably at your foes.
You occasionally lose the ability to drink potions when taking damage.


Message History

The mass of ice explodes!
The iceblast engulfs Edmund.
Edmund is lightly wounded.
Xom guffaws.
You make a move on Xom's chessboard...
Edmund resists with some effort.
Aiming: Iceblast
Press: ? - help, Shift-Dir - straight line, f/p - Edmund
Aim: Edmund, wielding a +2 flail of draining and wearing a +0 scale mail (lightly wounded)
The mass of ice explodes!
The iceblast engulfs Edmund!
Edmund is moderately wounded.
Edmund blinks!
Aiming: Iceblast
Press: ? - help, Shift-Dir - straight line, f - you, p - Edmund
Okay, then.
You make a move on Xom's chessboard...
Edmund falls asleep!
Unknown command.
Edmund shouts!
Edmund blinks!
No target in view!
No target in view!
Edmund blinks!
The translocation energy dissipates.
Edmund completely misses you.
You hit Edmund but do no damage. You grab Edmund.
You squeeze Edmund, but do no damage.
Edmund is moderately wounded.
You constrict Edmund. Edmund barely misses you.
You release your grip on Edmund.
You hit Edmund. You grab Edmund.
Edmund is heavily wounded.
You constrict Edmund.
Edmund hits you with a +2 flail of draining.
You feel drained.
You hit Edmund. Lightning courses through Edmund!
Edmund is severely wounded.
You constrict Edmund, but do no damage.
Edmund hits you with a +2 flail of draining!
You feel threatened and lose the ability to drink potions!
Ouch! That really hurt!
You die...
Xom chuckles heartily!

...............#
#.# ##...##.#####.#
#.# #####...)..#
#.# #.#
...........### #.#
#.# ####........#
#.# #.# #.|....#.#
#.# #......#.# #.#
##.##....###@######
#....#....@........
####†....######.###
........#...#
#######...>..#
#......# #.....##
#.#...# #.#.###
#.#.#


You could see Edmund.

Vanquished Creatures
  2 adders (D:2)
  A dart slug (D:1)
  4 bats
  4 endoplasms
  A goblin (D:1)
  4 hobgoblins (D:1)
  2 jackals (D:1)
  A quokka (D:1)
  2 ball pythons
  3 frilled lizards (D:1)
  4 kobolds
  2 rats
30 creatures vanquished.

Notes
Turn   | Place    | Note
-------+----------+-------------------------------------------
     0 | D:1      | M4edhros the Octopode Chaos Knight began the quest for the
                  | Orb.
     0 | D:1      | Reached XP level 1. HP: 16/16 MP: 1/1
   458 | D:1      | XOM: divination: magic mapping
   611 | D:1      | XOM: 1-stop teleportation journey
   730 | D:1      | Reached XP level 2. HP: 19/21 MP: 2/2
  1075 | D:1      | XOM: confuse monster(s)
  1176 | D:1      | Reached XP level 3. HP: 23/26 MP: 3/3
  1282 | D:1      | XOM: noise
  1822 | D:1      | XOM: silly message
  2487 | D:1      | XOM: divination: detect creatures
  2665 | D:1      | XOM: silly message
  3052 | D:1      | XOM: draining
  4296 | D:1      | XOM is BORED!
  4296 | D:1      | XOM: stat loss: -1 Int (13/14)
  4996 | D:1      | Glimpsed the power of Zot.
  5127 | D:1      | XOM: summons 2 hostile demons
  5128 | D:1      | Noticed a neqoxec
  5215 | D:2      | Found Jeuj's Magic Scroll Boutique.
  6432 | D:1      | XOM: stat loss: -1 Dex (12/13)
  7378 | D:1      | XOM: summons 2 hostile demons
  8898 | D:1      | XOM: summons 4 hostile shadow creatures
  9031 | D:1      | XOM is BORED!
  9031 | D:1      | XOM: noise
  9038 | D:1      | XOM: noise
  9813 | D:1      | XOM is BORED!
 10889 | D:1      | XOM: summons 2 hostile demons
 10945 | D:2      | XOM: summons 2 hostile demons
 10994 | D:1      | Glimpsed the power of Zot.
 11013 | D:1      | XOM: summons 4 hostile shadow creatures
 12423 | D:1      | XOM: draining
 12873 | D:1      | XOM: draining
 13262 | D:1      | XOM is BORED!
 13262 | D:1      | XOM: give mutations
 13262 | D:1      | Gained mutation: You are agile. (Dex +4, Str/Int -1) [Xom's
                  | mischief]
 13262 | D:1      | Gained mutation: You occasionally lose the ability to drink
                  | potions when taking damage. [Xom's mischief]
 13262 | D:1      | Gained mutation: You have hidden genetic defects. [Xom's
                  | mischief]
 13262 | D:1      | Gained mutation: You are frail. (-10% HP) [Xom's mischief]
 13421 | D:1      | XOM: divination: detect items
 13705 | D:1      | XOM: summons 2 hostile demons
 15952 | D:1      | XOM: cloud trail
 16292 | D:1      | XOM: give mutation
 16292 | D:1      | Gained mutation: You are very frail. (-20% HP) [Xom's
                  | mischief]
 16366 | D:1      | XOM: silly message
 16991 | D:1      | Glimpsed the power of Zot.
 17033 | D:4      | XOM: stealth player
 17242 | D:1      | XOM is BORED!
 17242 | D:1      | XOM: give mutations
 17242 | D:1      | Gained mutation: You occasionally shout uncontrollably at
                  | your foes. [Xom's mischief]
 17242 | D:1      | Gained mutation: Your flesh is cold resistant. (rC+) [Xom's
                  | mischief]
 17584 | D:1      | XOM: god gift: 17 gold pieces
 17737 | D:1      | XOM: god gift: 3 stones
 17828 | D:1      | XOM: divination: magic mapping
 17988 | D:1      | XOM: give mutations
 17988 | D:1      | Lost mutation: You are very frail. (-20% HP) [Xom's
                  | mischief]
 17988 | D:1      | Lost mutation: You have hidden genetic defects. [Xom's
                  | mischief]
 18181 | D:1      | XOM: summons 1 hostile shadow creature
 18597 | D:1      | XOM is BORED!
 18985 | D:1      | XOM: draining
 19194 | D:1      | XOM: god gift: wand of iceblast (4)
 19672 | D:1      | XOM: silly message
 19805 | D:1      | XOM: give mutation
 19805 | D:1      | Gained mutation: Your flesh is very cold resistant. (rC++)
                  | [Xom's grace]
 20821 | D:1      | XOM is BORED!
 20999 | D:1      | XOM: cloud trail
 21219 | D:1      | XOM: summons 2 hostile demons
 21532 | D:1      | XOM: god gift: 31 gold pieces
 22471 | D:1      | XOM is BORED!
 22987 | D:1      | Glimpsed the power of Zot.
 23065 | D:4      | Noticed Edmund
 23069 | D:4      | XOM: cast spell 'Disjunction'
 23082 | D:4      | Slain by Edmund

Illustrated notes

Levels and vault maps discovered:
D:1:      erik_arrival_cave_to_civilisation [erik_arrival_cave_to_hall],
          layout_basic
D:2:      layout_rooms, serial_shops, nicolae_shop_advertising_works
          [nicolae_subvault_shop_adworks], shapermc_ecumenical_altar_venn
D:3:      layout_basic, serial_shops, nicolae_shop_behind_doors, nrook_campfire
D:4:      layout_loops_ring, riverfiend_overflow_shadow_ancestor,
          jmf_multi_god_temple2, wad_floor_pattern_untrapped, uniq_edmund

Skill      XL: |  1  2  3 |
---------------+----------+-----
Dodging        | 3 |  3.1
Fighting       | |  3.5
Maces & Flails | |  3.6

Action                   || total
-------------------------++-------
Melee: Mace              ||    16
       Tentacles         ||    13
       Constrict         ||    13
       Short sword       ||    39
Evoke: Wand              ||     2
       Piece from Xom's  ||     2
 Stab: Sleeping          ||     6
       Confused          ||     1
Armor: Skin              ||     5
Dodge: Dodged            ||    53

Table legend: (Time is in decaauts)
 A = Elapsed time spent in this place.
 B = Non-inter-level travel time spent in this place.
 C = Inter-level travel time spent in this place.
 D = Time resting spent in this place.
 E = Time spent auto-exploring this place.
 F = Levels seen in this place.
 G = Mean time per level.
                   A        B        C        D        E       F      G
               +--------+--------+--------+--------+--------+-----+--------+
         Total |  23095 |  22932 |    163 |  22045 |    643 |   4 | 5773.8 |
       Dungeon |  23095 |  22932 |    163 |  22045 |    643 |   4 | 5773.8 |
               +--------+--------+--------+--------+--------+-----+--------+

Top non-repeatable levels by time:
     D:1: 22278 daAuts
     D:2: 658 daAuts
     D:4: 87 daAuts
     D:3: 71 daAuts
